 Dungeon Crawl Stone Soup version 0.20.1-1-g8b1a95d (webtiles) character file.

140 digijack the Insei (level 5, 0/37 HPs)
             Began as a Demonspawn Transmuter on Oct 21, 2017.
             Slain by an orc wizard
             ... wielding a +0 dagger
              (4 damage)
             ... on level 3 of the Dungeon on Nov 3, 2017.
             The game lasted 00:20:51 (3231 turns).

digijack the Insei (Demonspawn Transmuter)          Turns: 3231, Time: 00:20:52

Health: 0/37       AC:  3    Str: 11    XL:     5   Next: 2%
Magic:  8/8        EV: 16    Int: 15    God:
Gold:   61         SH:  0    Dex: 13    Spells: 5/9 levels left

rFire    . . .     SeeInvis .     - Unarmed
rCold    . . .     Gourm    .   (no shield)
rNeg     . . .     Faith    .   b - +0 robe
rPois    .         Spirit   .   (no helmet)
rElec    .         Reflect  .   (no cloak)
rCorr    .         Harm     .   k - +0 pair of gloves
MR       .....                  (no boots)
Stlth    +.........             (no amulet)
Regen    0.2/turn               (no ring)
MPRegen  0.2/turn               (no ring)

@: appendage (expiring)
A: horns 2, talons 2, repulsion field 2
a: End Transformation


You were on level 3 of the Dungeon.
You were not hungry.
You had grown temporary horns.
You visited 1 branch of the dungeon, and saw 3 of its levels.

You collected 61 gold pieces.

Inventory:

Armour
 b - a +0 robe (worn)
 k - a +0 pair of gloves (worn)
Potions
 e - a potion of curing
Books
 c - a book of Changes

   Spells                             Type                      Level
   a - Beastly Appendage              Transmutation                1
   b - Sticks to Snakes               Transmutation                2
   c - Spider Form                    Transmutation/Poison         3
   d - Ice Form                       Ice/Transmutation            4
   e - Blade Hands                    Transmutation                5
Comestibles
 d - 2 bread rations
 f - 2 royal jellies
 g - 3 meat rations
 h - 2 fruits


   Skills:
 - Level 1.2 Fighting
 + Level 2.6 Dodging
 + Level 3.5 Unarmed Combat
 + Level 2.5 Spellcasting
 * Level 3.0 Transmutations
 * Level 0.4 Poison Magic


You had 5 spell levels left.
You knew the following spells:

 Your Spells              Type           Power        Failure   Level  Hunger
a - Beastly Appendage     Tmut           ##....       6%          1    #......
b - Spider Form           Tmut/Pois      #.........   30%         3    ###....


Dungeon Overview and Level Annotations

Branches:
Dungeon (3/15)

Altars:


Innate Abilities, Weirdness & Mutations

You have razor-sharp toenails.
You are surrounded by a moderate repulsion field. (EV +3)
You have a pair of horns on your head.


Message History

The orc closely misses you.
You hit the orc. You claw the orc.
You kill the orc!
Your transformation is almost over.
The kobold throws a stone.
The stone misses you. The orc wizard barely misses you.
You completely miss the orc wizard. You claw the orc wizard.
The orc wizard is heavily wounded.
The orc wizard hits you with a dagger.
* * * LOW HITPOINT WARNING * * *
You barely miss the orc wizard.
The orc wizard is heavily wounded.
The orc wizard gestures at you while chanting.
The magic dart hits you!
* * * LOW HITPOINT WARNING * * *
The orc wizard completely misses you.
You barely miss the orc wizard.
The orc wizard is heavily wounded.
The orc wizard hits you with a dagger.
You die...

..# ..# #.#
#....(. #..##.#
# ..##)# #.
#.##.#
..#####.##)#
.$.#...#@#
#.#...#o#
#o<....K#
$...........##
.###..###.......
#.# #..#.....
#.. #.##......
#. ..# #..... .
.#.# #####


You could see an orc wizard and a kobold.

Vanquished Creatures
  An orc wizard (D:3)
  3 adders (D:2)
  An ooze (D:1)
  3 worms (D:2)
  5 dart slugs
  A leopard gecko (D:1)
  4 orcs (D:3)
  3 giant cockroaches
  7 goblins
  4 hobgoblins
  3 jackals (D:1)
  2 quokkas (D:2)
  5 bats
  4 frilled lizards
  5 kobolds
  2 rats (D:1)
53 creatures vanquished.

Notes
Turn   | Place    | Note
-------+----------+-------------------------------------------
     0 | D:1      | digijack the Demonspawn Transmuter began the quest for the Orb.
     0 | D:1      | Reached XP level 1. HP: 15/15 MP: 3/3
   359 | D:1      | Gained mutation: You have sharp toenails. [demonic ancestry]
   359 | D:1      | Reached XP level 2. HP: 8/21 MP: 3/5
  1028 | D:1      | Gained mutation: You are surrounded by a mild repulsion field. (EV +2) [demonic ancestry]
  1028 | D:1      | Reached XP level 3. HP: 22/26 MP: 4/6
  1334 | D:2      | Learned a level 3 spell: Spider Form
  2344 | D:2      | Gained mutation: You have razor-sharp toenails. [demonic ancestry]
  2344 | D:2      | Reached XP level 4. HP: 29/32 MP: 7/7
  3216 | D:3      | Gained mutation: You are surrounded by a moderate repulsion field. (EV +3) [demonic ancestry]
  3216 | D:3      | Reached XP level 5. HP: 11/37 MP: 8/8
  3231 | D:3      | Slain by an orc wizard

Skill      XL: |  1  2  3  4 |
---------------+-------------+-----
Transmutations | 2 3 |  3.0
Unarmed Combat | 3 |  3.5
Dodging        | 2 |  2.6
Fighting       | |  1.2
Spellcasting   | |  2.5
Poison Magic   | |  0.4

Action                   |  1- 3 |  4- 6 || total
-------------------------+-------+-------++-------
Melee: Unarmed           |   118 |    81 ||   199
       Headbutt          |     9 |     8 ||    17
       Kick              |    20 |    17 ||    37
       Punch             |     1 |       ||     1
 Cast: Beastly Appendage |    17 |     9 ||    26
       Spider Form       |     1 |       ||     1
  Use: Scroll            |     4 |     2 ||     6
       Potion            |     2 |       ||     2
  Eat: Chunk             |     3 |     3 ||     6
       Fruit             |     2 |       ||     2
Armor: Robe              |    25 |    11 ||    36
Dodge: Dodged            |    59 |    63 ||   122
